 Dungeon Crawl Stone Soup version 0.21.1-1-g345015f (webtiles) character file.

6905 sking99 the Grappler (level 10, -10/102 HPs)
             Began as a Troll Monk on July 2, 2018.
             Mangled by a two-headed ogre
             ... wielding a +0 giant spiked club
              (20 damage)
             ... on level 8 of the Dungeon.
             The game lasted 00:19:51 (9469 turns).

sking99 the Grappler (Troll Monk)                   Turns: 9469, Time: 00:19:51

Health: -10/102    AC: 10    Str: 24    XL:     10   Next: 79%
Magic:  9/9        EV: 12    Int:  8    God:
Gold:   531        SH:  0    Dex: 15    Spells: 9/9 levels left

rFire    . . .     SeeInvis .     - Unarmed
rCold    + . .     Gourm    +   (no shield)
rNeg     . . .     Faith    .   y - +2 robe {rC+}
rPois    .         Spirit   .   (helmet restricted)
rElec    .         Reflect  .   (no cloak)
rCorr    .         Harm     .   (gloves unavailable)
MR       .....                  (boots unavailable)
Stlth    +.........             (no amulet)
HPRegen  0.67/turn              j - ring "Kiroisep" {Str+3 Int+2}
MPRegen  0.11/turn              m - +3 ring of protection

@: heavily drained
A: large, unfitting armour, claws 3, fast metabolism 3, gourmand, regeneration
1, shaggy fur 1, tough skin 2
a: no special abilities


You were on level 8 of the Dungeon.
You were full.

You visited 2 branches of the dungeon, and saw 10 of its levels.
You also visited: Sewer.

You collected 531 gold pieces.

Inventory:

Armour
 y - a +2 robe of cold resistance (worn)
Jewellery
 d - an uncursed ring of protection from fire
 f - an uncursed ring of protection from fire
 j - the ring "Kiroisep" (left claw) {Str+3 Int+2}
   (You found it on level 4 of the Dungeon)

   [ring of strength]

   It affects your strength (+3).
   It affects your intelligence (+2).
 l - an uncursed ring of protection from magic
 m - a +3 ring of protection (right claw)
 r - an uncursed ring of protection from magic
 v - an uncursed ring of positive energy
 B - the ring of the Mage {Wiz MR++ Int+3}
   (You found it on level 4 of the Dungeon)

   [ring of wizardry]

   It improves your spell success rate.
   It affects your intelligence (+3).
   It affects your resistance to hostile enchantments.
 E - an uncursed amulet of guardian spirit {unknown}
Wands
 s - a wand of acid (8)
 C - a wand of disintegration (11)
 D - a wand of enslavement (17)
Scrolls
 a - 3 scrolls of identify
 c - 2 scrolls of enchant weapon
 g - 5 scrolls of teleportation
 h - 2 scrolls of fear {unknown}
 k - 3 scrolls of blinking
 t - 2 scrolls of amnesia
 x - 4 scrolls of remove curse
 A - a scroll of random uselessness {unknown}
Potions
 e - 3 potions of heal wounds {unknown}
 i - 3 potions of flight {unknown}
 n - 7 potions of curing
 o - 5 potions of haste
 p - 5 potions of invisibility {unknown}
 q - 2 potions of brilliance {unknown}
 u - a potion of might
 w - 2 potions of resistance {unknown}
 z - a potion of berserk rage {unknown}
Comestibles
 b - 20 rations


   Skills:
 - Level 7.3(5.8) Fighting
 + Level 4.9(3.5) Armour
 + Level 5.6(4.2) Dodging
 - Level 1.0(0.0) Stealth
 - Level 11.8(10.1) Unarmed Combat


You had 9 spell levels left.
You didn't know any spells.

Dungeon Overview and Level Annotations

Branches:
Dungeon (9/15)             Temple (1/1) D:4            Lair (0/6) D:8
    Orc: D:9-12

Altars:
Ashenzari
Cheibriados
Dithmenos
Elyvilon
Fedhas
Gozag
Hepliaklqana
Kikubaaqudgha
Makhleb
Nemelex Xobeh
Okawaru
Qazlal
Ru
Sif Muna
Trog
Uskayaw
Vehumet
Wu Jian
Xom
Yredelemnul
Zin
The Shining One

Shops:
D:5 *   D:7 (

Annotations:
D:9 Erica, Joseph


Innate Abilities, Weirdness & Mutations

You are too large for most types of armour.
You have claws for hands.
Your metabolism is lightning-fast.
You like to eat raw meat.
Your natural rate of healing is unusually fast.
You are covered in fur. (AC +1)
You have very tough skin. (AC +2)


Message History

The centaur shoots an arrow.
The arrow barely misses you.
The two-headed ogre hits you with a giant spiked club.
The two-headed ogre hits you with a giant spiked club!!
The centaur shoots an arrow.
The arrow barely misses you.
You climb upwards.
There is a stone staircase leading down here.
The two-headed ogre barely misses you.
The two-headed ogre hits you with a giant spiked club!
The two-headed ogre closely misses you.
The two-headed ogre hits you with a giant spiked club!
The two-headed ogre hits you with a giant spiked club.
The two-headed ogre closely misses you.
The two-headed ogre hits you with a giant spiked club!!
* * * LOW HITPOINT WARNING * * *
The two-headed ogre hits you with a giant spiked club!!
* * * LOW HITPOINT WARNING * * *
There is a stone staircase leading down, spattered with blood here.
You feel yourself speed up.
The two-headed ogre hits you with a giant spiked club!!
You die...

########## #........#
#........# #<.......#
#........#
#.......[############
##.................[.
###########
#..@.###############
#.........# ##..#O#
#.........###..##.#
#..)).....#....##.##
#)...........####.>#
............## ##.#
...........## #.#
.PP.......## #.#
..P.......# #.##


You could see a two-headed ogre.

Vanquished Creatures
  Erolcha (D:9)
  A two-headed ogre (D:8)
  Pikel (D:3)
  Psyche (D:8)
  Grinder (D:5)
  The ghost of WinstonMain the Chiller, an amateur DsIE of Nemelex Xobeh (D:4)
  The ghost of Stil the Stinger, an amateur DsVM (D:5)
  2 hippogriffs
  A water moccasin (D:7)
  A porcupine (D:8)
  3 sky beasts
  2 orc warriors
  2 black bears
  2 ice beasts
  6 ogres
  A phantom (D:8)
  4 centaurs
  A crocodile (D:8)
  Blork the orc (D:4)
  2 bullfrogs
  A wyvern skeleton (D:7)
  A water moccasin skeleton (D:8)
  8 killer bees (D:7)
  A howler monkey (D:3)
  2 crimson imps
  A centaur zombie (D:7)
  A hound (D:9)
  4 jellies
  A quasit (D:8)
  4 orc priests
  7 orc wizards
  A centaur skeleton (D:8)
  An iguana (D:9)
  8 worker ants
  Robin (D:3)
  9 gnolls
  16 adders
  An adder zombie (D:5)
  2 oozes
  An adder skeleton (D:5)
  5 worms
  5 leopard geckos
  32 orcs
  8 giant cockroaches
  15 goblins
  14 hobgoblins
  18 jackals
  3 quokkas
  6 ball pythons
  15 bats
  7 frilled lizards
  A giant cockroach zombie (D:9)
  8 kobolds
  A leopard gecko zombie (D:8)
  A quokka skeleton (D:7)
  12 rats
257 creatures vanquished.

Vanquished Creatures (others)
  2 slaves (D:4)
  A giant cockroach (D:4)
  A hobgoblin (D:4)
  4 fungi (D:8)
  A plant (D:8)
9 creatures vanquished.

Grand Total: 266 creatures vanquished

Notes
Turn   | Place    | Note
-------+----------+-------------------------------------------
     0 | D:1      | sking99 the Troll Monk began the quest for the Orb.
     0 | D:1      | Reached XP level 1. HP: 22/22 MP: 0/0
   212 | D:1      | Reached XP level 2. HP: 27/29 MP: 1/1
   731 | D:1      | Reached XP level 3. HP: 31/36 MP: 2/2
   751 | D:1      | Reached skill level 4 in Unarmed Combat
   998 | D:2      | Reached XP level 4. HP: 43/45 MP: 3/3
  1078 | D:2      | Found a white marble altar of Elyvilon.
  1168 | D:2      | Found a bloodstained altar of Trog.
  1170 | D:2      | Found a hazy altar of Hepliaklqana.
  1172 | D:2      | Found a sparkling altar of Nemelex Xobeh.
  1180 | D:2      | Found a hide-covered altar of Uskayaw.
  1516 | D:3      | Reached skill level 5 in Unarmed Combat
  1551 | D:3      | Reached XP level 5. HP: 45/53 MP: 4/4
  2290 | D:4      | Found a blossoming altar of Fedhas.
  2413 | D:4      | Noticed Blork the orc
  2420 | D:4      | Noticed WinstonMain's ghost (amateur DsIE)
  2424 | D:4      | Killed Blork the orc
  2424 | D:4      | Reached XP level 6. HP: 43/62 MP: 5/5
  2591 | D:4      | Noticed a slave
  2599 | D:3      | Reached skill level 6 in Unarmed Combat
  2715 | D:3      | HP: 2/62 [ogre/giant club (27)]
  2838 | D:4      | Noticed Pikel
  2851 | D:4      | Noticed a slave
  2851 | D:4      | Noticed a slave
  2862 | D:3      | Killed Pikel
  2862 | D:3      | Reached skill level 7 in Unarmed Combat
  2862 | D:3      | Reached XP level 7. HP: 19/71 MP: 6/6
  2868 | D:3      | Reached skill level 8 in Unarmed Combat
  3163 | D:3      | Reached skill level 5 in Fighting
  3163 | D:3      | Reached XP level 8. HP: 43/80 MP: 7/7
  3273 | D:4      | Noticed Robin
  3382 | D:3      | Killed Robin
  3745 | D:4      | Got a smoking platinum ring
  3840 | D:5      | Entered Level 5 of the Dungeon
  3876 | D:5      | Found an iron altar of Okawaru.
  4055 | D:5      | Noticed Grinder
  4064 | D:5      | Killed Grinder
  4064 | D:5      | Reached skill level 9 in Unarmed Combat
  4420 | D:5      | Noticed Stil's ghost (amateur DsVM)
  4504 | D:5      | Killed Stil's ghost
  4828 | D:5      | Found Qarchac's General Store.
  4868 | D:5      | Reached skill level 10 in Unarmed Combat
  5070 | D:6      | Found a glowing drain.
  5087 | D:6      | Reached XP level 9. HP: 86/89 MP: 8/8
  5121 | Sewer    | Entered a sewer
  5931 | D:6      | Found a stormy altar of Qazlal.
  6311 | D:7      | Identified the ring "Kiroisep" {Str+3 Int+2} (You found it on level 4 of the Dungeon)
  6425 | D:7      | Reached skill level 11 in Unarmed Combat
  6962 | D:7      | Found a shimmering altar of Xom.
  6962 | D:7      | Found a shimmering altar of Xom.
  6967 | D:7      | Found a shimmering altar of Xom.
  7141 | D:7      | Found Qotzamiemao's Antique Weapon Emporium.
  7304 | D:8      | Noticed Psyche
  7315 | D:8      | Reached skill level 1 in Armour
  7315 | D:8      | Reached XP level 10. HP: 99/102 MP: 9/9
  7317 | D:8      | Noticed a two-headed ogre
  7332 | D:8      | Killed a two-headed ogre
  7349 | D:8      | Killed Psyche
  7876 | D:4      | Found a staircase to the Ecumenical Temple.
  7985 | D:4      | Found the ring of the Mage {Wiz MR++ Int+3}
  8104 | D:4      | Killed WinstonMain's ghost
  8111 | Temple   | Entered the Ecumenical Temple
  8485 | D:8      | Found a staircase to the Lair.
  8845 | D:9      | Reached skill level 5 in Dodging
  8932 | D:9      | Noticed Erolcha
  8937 | D:9      | Killed Erolcha
  9198 | D:9      | Noticed Erica
  9199 | D:9      | Noticed a two-headed ogre
  9203 | D:9      | Noticed Joseph
  9469 | D:8      | Mangled by a two-headed ogre

Skill      XL: |  1  2  3  4  5  6  7  8  9 10 |
---------------+-------------------------------+-----
Unarmed Combat | 4 5 7 8 10 11 | 11.8
Fighting       | 3 4 5 6 7 |  7.3
Armour         | 1 4 |  4.9
Dodging        | 5 |  5.6
Stealth        | |  1.0

Action                   |  1- 3 |  4- 6 |  7- 9 | 10-12 || total
-------------------------+-------+-------+-------+-------++-------
Melee: Unarmed           |   119 |   171 |   336 |   116 ||   742
       Punch             |       |     5 |    24 |     6 ||    35
  Use: Scroll            |       |       |    11 |       ||    11
       Potion            |       |       |     1 |     4 ||     5
 Stab: Sleeping          |     1 |     4 |     3 |     2 ||    10
  Eat: Chunk             |    15 |    14 |    40 |    17 ||    86
       Ration            |       |       |     1 |       ||     1
Armor: Robe              |    61 |    56 |   112 |    36 ||   265
Dodge: Dodged            |    95 |    74 |   196 |    62 ||   427
